 Dungeon Crawl Stone Soup version 0.15-a0-39-g424acf8 (webtiles) character file.

167 4tharraofdagon the Poker (level 4, 0/34 HPs)
             Began as a Merfolk Gladiator on Apr 3, 2014.
             Was an Initiate of the Shining One (penitent).
             Slain by a giant cockroach (1 damage)
             ... on Level 3 of the Dungeon.
             The game lasted 00:03:40 (595 turns).

4tharraofdagon the Poker (Merfolk Gladiator)         Turns: 595, Time: 00:03:40

HP   0/34        AC  4     Str 15      XL: 4   Next: 61%
MP   4/4         EV 14     Int  8      God: *the Shining One
Gold 74          SH  0     Dex 14      Spells:  0 memorised,  3 levels left

rFire  . . .     SeeInvis .     e - +0 halberd
rCold  . . .     Clarity  .     b - +0 leather armour
rNeg   . . .     Conserve .     (no shield)
rPois  .         rCorr    .     c - +0 helmet
rElec  .         rRot     .     (no cloak)
SustAb . .       Spirit   .     (no gloves)
rMut   .         Warding  .     (no boots)
Saprov . . .     Stasis   .     (no amulet)
MR     .....                    (no ring)
                                g - +1 ring of evasion

@: not resistant to hostile enchantments, unstealthy
A: change form in water, swift swim
a: Renounce Religion


You were on level 3 of the Dungeon.
You worshipped the Shining One.
The Shining One was demanding penance.
You were not hungry.

You visited 1 branch of the dungeon, and saw 3 of its levels.

You collected 74 gold pieces.

Inventory:

Hand weapons
 a - a +0,+0 trident
 e - a +0,+0 halberd (weapon)
Missiles
 d - a throwing net (quivered)
Armour
 b - a +0 leather armour (worn)
 c - a +0 helmet (worn)
 j - a +0 scale mail
Comestibles
 f - a bread ration
Scrolls
 h - a scroll of identify {unknown}
 i - a scroll of enchant armour {unknown}
Jewellery
 g - a +1 ring of evasion (left hand)


   Skills:
 + Level 2.9 Fighting
 * Level 6.3 Polearms
 - Level 2.0 Throwing
 + Level 4.9 Dodging


You had 3 spell levels left.
You didn't know any spells.

Dungeon Overview and Level Annotations

Branches:
Dungeon (3/15)

Altars:
Cheibriados
Dithmenos
Elyvilon
Kikubaaqudgha
Nemelex Xobeh
Sif Muna
Trog
The Shining One

Annotations:
D:3 Sigmund


Message History

The giant cockroach barely misses you. The rat barely misses you.
The giant cockroach bites you.
* * * LOW HITPOINT WARNING * * *
Unknown command.
There is an open door here.
Unknown command.
Ouch! The rat bites you. The Shining One protects you from harm!
The giant cockroach closely misses you.
Unknown command.
Unknown command.
Unknown command.
The giant cockroach barely misses you. The giant cockroach bites you.
* * * LOW HITPOINT WARNING * * *
Unknown command.
You feel less confused. Something hits you.
The Shining One protects you from harm! The giant cockroach bites you.
You die...

#............# .....#
#............# ...
#########+##.####.####.#
#..)........#
#..##...$.###
####+#.###.#####
.........#.#
........r#.#
?........s@#
.........#.# ........#.#
........#.+ ........###
.......# ......# ###+##


You could see a giant cockroach and a rat.

Vanquished Creatures
  Terence (D:3)
  3 adders (D:2)
  3 gnolls (D:3)
  A giant mite (D:2)
  An orc (D:3)
  A bat (D:1)
  2 giant cockroaches
  2 hobgoblins (D:2)
  A quokka (D:2)
  A giant newt (D:1)
  4 kobolds
  2 rats
22 creatures vanquished.

Notes
Turn   | Place    | Note
--------------------------------------------------------------
     0 | D:1      | 4tharraofdagon, the Merfolk Gladiator, began the quest for the Orb.
     0 | D:1      | Reached XP level 1. HP: 16/16 MP: 1/1
   137 | D:2      | Reached skill level 5 in Polearms
   137 | D:2      | Reached XP level 2. HP: 21/23 MP: 2/2
   163 | D:2      | Reached XP level 3. HP: 26/28 MP: 3/3
   236 | D:3      | Found a white marble altar of Elyvilon.
   240 | D:3      | Found an ancient bone altar of Kikubaaqudgha.
   240 | D:3      | Found a deep blue altar of Sif Muna.
   240 | D:3      | Found a glowing golden altar of the Shining One.
   240 | D:3      | Found a sparkling altar of Nemelex Xobeh.
   241 | D:3      | Found a snail-covered altar of Cheibriados.
   241 | D:3      | Found a bloodstained altar of Trog.
   309 | D:3      | Became a worshipper of the Shining One
   354 | D:3      | Was placed under penance by the Shining One
   357 | D:3      | Fell from the grace of the Shining One
   359 | D:3      | Reached XP level 4. HP: 23/34 MP: 4/4
   371 | D:3      | Became a worshipper of the Shining One
   415 | D:2      | Reached skill level 6 in Polearms
   543 | D:3      | Found a shadowy altar of Dithmenos.
   551 | D:3      | Noticed Terence
   569 | D:3      | Was placed under penance by the Shining One
   571 | D:3      | Killed Terence
   582 | D:3      | Noticed Sigmund
   592 | D:3      | The Shining One protects you from harm!
   594 | D:3      | HP: 1/34 [giant cockroach (1)]
   595 | D:3      | The Shining One protects you from harm!
   595 | D:3      | Slain by a giant cockroach

Action                   |  1- 3 |  4- 6 || total
-------------------------+-------+-------++-------
Melee: Trident           |    43 |       ||    43
       Halberd           |       |    29 ||    29
Throw: Throwing net      |     6 |     1 ||     7
  Use: Potion            |     1 |       ||     1
       Scroll            |     1 |       ||     1
 Stab: Held in net/web   |     2 |       ||     2
